 Dungeon Crawl Stone Soup version 0.30-a0-469-g84de5afbc5 (webtiles) character file.

Game seed: 15054975594718610309

402 NinjaNoafa the Digger (level 6, -1/32 HPs)
             Began as a Gargoyle Earth Elementalist on Dec 19, 2022.
             Slain by an orc
             ... wielding a +0 flail
              (2 damage)
             ... on level 5 of the Dungeon.
             The game lasted 00:05:25 (4192 turns).

NinjaNoafa the Digger (Gargoyle Earth Elementalist) Turns: 4192, Time: 00:05:25

Health: -1/32      AC:  7    Str: 11    XL:     6   Next: 85%
Magic:  11/11      EV: 11    Int: 24    God:
Gold:   299        SH:  0    Dex: 10    Spells: 6/12 levels left

rFire   . . .      SeeInvis .    D - +3 flail (vorpal)
rCold   . . .      Faith    .    (no shield)
rNeg    + . .      Spirit   .    a - +0 robe
rPois   ∞          Reflect  .    B - +0 helmet
rElec   +          Harm     .    (no cloak)
rCorr   .          Rampage  .    (no gloves)
Will    .....                    (no boots)
Stlth   +.........               (no amulet)
HPRegen 0.25/turn                f - ring of wizardry
MPRegen 0.12/turn                t - +6 ring of intelligence

@: confused, mighty, brilliant
A: sickness immunity, AC +4, negative energy resistance 1, electricity
resistance, torment resistance 1, petrification resistance
a: no special abilities


You were on level 5 of the Dungeon.
You visited 1 branch of the dungeon, and saw 5 of its levels.

You collected 299 gold pieces.

Inventory:

Hand Weapons
 D - a +3 vorpal flail (weapon)
Missiles
 c - 44 stones
 e - 5 javelins
 n - 2 poisoned darts
 A - 6 boomerangs
Armour
 a - a +0 robe (worn)
 B - a +0 helmet (worn)
Jewellery
 f - a ring of wizardry (left hand)
 t - a +6 ring of intelligence (right hand)
 z - a ring of flight
Wands
 p - a wand of polymorph (4)
Scrolls
 d - 3 scrolls of enchant armour {unknown}
 h - a scroll of poison {unknown}
 i - 2 scrolls of summoning {unknown}
 j - 4 scrolls of teleportation {unknown}
 l - a scroll of vulnerability {unknown}
 s - a scroll of silence {unknown}
 v - 3 scrolls of identify {unknown}
 y - a scroll of amnesia {unknown}
Potions
 g - a potion of cancellation {unknown}
 k - 2 potions of brilliance
 o - a potion of heal wounds {unknown}
 q - a potion of curing {unknown}
 r - a potion of attraction {unknown}
 u - a potion of might
 w - 2 potions of degeneration {unknown}
 x - a potion of mutation {unknown}
 C - a potion of lignification {unknown}


   Skills:
 - Level 1.5 Dodging
 - Level 2.1 Stealth
 + Level 3.7 Spellcasting
 + Level 2.7 Conjurations
 + Level 3.0 Transmutations
 + Level 5.5 Earth Magic


You had 6 spell levels left.
You knew the following spells:

 Your Spells              Type           Power      Damage    Failure   Level
a - Sandblast             Erth           92%        2d19      1%          1
b - Passwall              Tmut/Erth      30%        N/A       1%          2
c - Stone Arrow           Conj/Erth      72%        3d11      2%          3

Your spell library contained the following spells:

 Spells                   Type           Power      Damage    Failure   Level
 Necrotise                Necr           24%        1d5       4%          1
 Poisonous Vapours        Pois/Air       12%        N/A       6%          2
 Petrify                  Tmut/Erth      37%        N/A       7%          4
 Mephitic Cloud           Conj/Pois/Air  13%        N/A       9%          3
 Portal Projectile        Hex/Tloc       12%        N/A       12%         3
 Tukima's Dance           Hex            6%         N/A       12%         3
 Vampiric Draining        Necr           6%         2d6       12%         3
 Blade Hands              Tmut           14%        N/A       32%         5
 Anguish                  Hex/Necr       3%         N/A       36%         4
 Agony                    Necr           6%         N/A       69%         5
 Enfeeble                 Hex            3%         N/A       100%        7
 Cigotuvi's Dreadful Rot  Necr/Pois/Air  Unusable   N/A       N/A         2

Dungeon Overview and Level Annotations

Branches:
Dungeon (5/15)
 Temple: D:4-7

Altars:


Innate Abilities, Weirdness & Mutations

You are immune to sickness and miasma.
Your stone body is resilient. (AC +4)
You are immune to poison.
You resist negative energy. (rN+)
You are resistant to electric shocks. (rElec)
You are resistant to unholy torment.
You are immune to petrification.


Message History

Confirm with . or Enter, or press ? or * to list all spells.
You don't have enough magic to cast this spell.
Unknown command.
You hit the orc but do no damage.
The orc is heavily wounded.
Something hits you but does no damage. The orc hits you with a +0 flail.
You barely miss the orc.
The orc is heavily wounded.
The orc completely misses you. Something hits you but does no damage.
The orc closely misses you. Something hits you.
You hit something.
You hear the brisk hiss of an avalanche of sand very nearby.
You hear some strange, mumbled words.
Something tries to affect you, but you resist.
The orc misses you. Magic courses through your body.
The orc hits you with a +0 flail.
You hear some strange, mumbled words.
You are confused.
You're too confused to cast spells.
Unknown command.
You miss something. The orc closely misses you.
You hear some strange, mumbled words.
You are more confused.
Found 6 stones.
The orc hits you with a +0 flail. Something hits you but does no damage.
Things that are here:
a +0 falchion; a +1 leather armour of fire resistance You hear some strange, mumbled words.
A magic dart appears from out of thin air!
The magic dart hits you.
* * * LOW HITPOINT WARNING * * *
The orc barely misses you.
It was a potion of brilliance.
You feel clever all of a sudden. The orc barely misses you. Something hits you.
* * * LOW HITPOINT WARNING * * *
It was a potion of might.
You feel very mighty all of a sudden. The orc hits you with a +0 flail.
You die...

######...............
............##.###.#
.....##.#..###.##..# .
#.......###.....#
..####.#...#####....#####
.........................
.........................
#.......################
#.....)@# #.....o{#
(........# ##......^#
#.#.....# # #.##### ..
..#


You could see an orc.

Vanquished Creatures
  Edmund (D:5)
  An ogre (D:5)
  A hound (D:5)
  3 adders
  3 gnolls (D:4)
  An ufetubus (D:4)
  4 worms
  3 dart slugs
  2 orcs
  4 ball pythons
  11 endoplasms
  7 giant cockroaches
  6 goblins
  5 hobgoblins
  10 jackals
  7 quokkas
  4 bats
  3 frilled lizards
  9 kobolds
  4 rats
89 creatures vanquished.

Notes
Turn   | Place    | Note
-------+----------+-------------------------------------------
     0 | D:1      | NinjaNoafa the Gargoyle Earth Elementalist began the quest
                  | for the Orb.
     0 | D:1      | Reached XP level 1. HP: 10/10 MP: 3/3
   146 | D:1      | Reached XP level 2. HP: 15/15 MP: 3/5
   184 | D:1      | Reached skill level 4 in Earth Magic
   569 | D:1      | Reached XP level 3. HP: 19/19 MP: 6/6
   599 | D:1      | Learned a level 2 spell: Passwall
   696 | D:1      | Reached skill level 1 in Transmutations
  1633 | D:2      | Reached XP level 4. HP: 24/24 MP: 4/8
  2134 | D:2      | Learned a level 3 spell: Stone Arrow
  3280 | D:4      | Identified the +0 robe of Xaquacev {rElec}
  3442 | D:4      | Reached skill level 1 in Conjurations
  3530 | D:4      | Reached XP level 5. HP: 11/28 MP: 5/9
  3915 | D:5      | Entered Level 5 of the Dungeon
  3915 | D:5      | Noticed an ogre
  3919 | D:5      | Killed an ogre
  3920 | D:5      | Reached skill level 5 in Earth Magic
  3920 | D:5      | Reached XP level 6. HP: 32/32 MP: 0/11
  4115 | D:5      | Noticed Edmund
  4119 | D:5      | Killed Edmund
  4191 | D:5      | HP: 1/32 [something (3)]
  4192 | D:5      | Slain by an orc

Illustrated notes

Levels and vault maps discovered:
D:1:      zaba_arrival_water, layout_basic
D:2:      layout_loops_ring, st_stairs_9
D:3:      layout_basic
D:4:      layout_loops_cross, grunt_ministairs_3
D:5:      minmay_spotlight, layout_rooms, minmay_temple_entry_enclosed_plants,
          enter_ossuary_4, uniq_menkaure, uniq_edmund, uniq_ijyb

Skill      XL: |  1  2  3  4  5  6 |
---------------+-------------------+-----
Earth Magic    | 4 5 |  5.5
Transmutations | 1 2 3 |  3.0
Conjurations   | 1 2 |  2.7
Spellcasting   | 3 |  3.7
Dodging        | |  1.5
Stealth        | |  2.1

Action                   |  1- 3 |  4- 6 || total
-------------------------+-------+-------++-------
Melee: Glaive            |    15 |       ||    15
       Punch             |     1 |     1 ||     2
       Unarmed           |     1 |       ||     1
       Short sword       |       |     5 ||     5
       Flail             |       |    24 ||    24
Throw: Javelin           |     9 |       ||     9
       Stone             |     5 |       ||     5
 Cast: Sandblast         |    52 |    54 ||   106
       Passwall          |     1 |     1 ||     2
       Stone Arrow       |       |    15 ||    15
  Use: Potion            |       |     3 ||     3
Armor: Robe              |    26 |    40 ||    66
Dodge: Dodged            |    48 |    48 ||    96

Table legend: (Time is in decaauts)
 A = Elapsed time spent in this place.
 B = Non-inter-level travel time spent in this place.
 C = Inter-level travel time spent in this place.
 D = Time resting spent in this place.
 E = Time spent auto-exploring this place.
 F = Levels seen in this place.
 G = Mean time per level.
                   A        B        C        D        E       F      G
               +--------+--------+--------+--------+--------+-----+--------+
         Total |   4274 |   3960 |    314 |     40 |   3272 |   5 |  854.8 |
       Dungeon |   4274 |   3960 |    314 |     40 |   3272 |   5 |  854.8 |
               +--------+--------+--------+--------+--------+-----+--------+

Top non-repeatable levels by time:
     D:1: 1663 daAuts
     D:4: 1027 daAuts
     D:2: 754 daAuts
     D:3: 666 daAuts
     D:5: 162 daAuts
